 Dungeon Crawl Stone Soup version bcrawl-1.26.1 (webtiles) character file.

Game seed: 226300880272772485

110181 Freyura the Sneak (level 3, 0/18 HPs)
             Began as a Spriggan Rogue on July 10, 2020.
             Succumbed to a worker ant's poison
             ... on level 2 of the Dungeon.
             The game lasted 00:04:12 (1196 turns).

Freyura the Sneak (Spriggan Rogue)                  Turns: 1196, Time: 00:04:13

Health: 0/18       AC:  3    Str:  7    XL:     3   Next: 19%
Magic:  6/6        EV: 16    Int: 12    God:
Gold:   130        SH:  0    Dex: 18    Spells: 2/2 levels left

rFire    . . .     SeeInvis +   a - +2 dagger
rCold    . . .     Gourm    .   (shield restricted)
rNeg     . . .     Faith    .   c - +0 robe
rPois    .         Spirit   .   (helmet restricted)
rElec    .         Reflect  .   d - +0 cloak
rCorr    .         Harm     .   (gloves unavailable)
MR       .....                  (boots unavailable)
Stlth    ++++......             (no amulet)
HPRegen  0.06/turn              (no ring)
MPRegen  0.10/turn              (no ring)

@: lethally poisoned (0 -> -15), very quick
A: very small, unfitting armour, see invisible, herbivore, speed 3, slow
metabolism 2
a: no special abilities


You were on level 2 of the Dungeon.
You were not hungry.

You visited 1 branch of the dungeon, and saw 2 of its levels.

You collected 130 gold pieces.

Inventory:

Hand Weapons
 a - a +2 dagger (weapon)
 b - a +0 blowgun
 l - a +2 vampiric short sword
Missiles
 h - 80 poisoned needles
Armour
 c - a +0 robe (worn)
 d - a +0 cloak (worn)
Wands
 f - a wand of flame (11)
 g - a wand of enslavement (15)
Scrolls
 i - 2 scrolls of fear
 k - a scroll of magic mapping
 m - a scroll of identify
Potions
 j - a potion of lignification
 o - a potion of flight {unknown}
Comestibles
 e - a ration {!d}


   Skills:
 + Level 1.9 Fighting
 + Level 2.9 Short Blades
 + Level 1.3 Dodging
 * Level 7.1 Stealth
 + Level 3.1 Evocations


You had 2 spell levels left.
You didn't know any spells.
Your spell library was empty.

Dungeon Overview and Level Annotations

Branches:
Dungeon (2/12)

Altars:
Ashenzari


Innate Abilities, Weirdness & Mutations

You are very small and have problems with some larger weapons.
You are too small for most types of armour.
You have supernaturally acute eyesight. (SInv)
You are a herbivore.
You cover ground extremely quickly.
You need to consume almost no food.


Message History

You are too injured to fight recklessly!
You are too injured to fight recklessly!
You hit the worker ant.
The worker ant is heavily wounded.
You feel sick.
The worker ant waves its antennae.
The worker ant barely misses you.
You hit the worker ant but do no damage.
The worker ant is heavily wounded.
You feel sick. The worker ant closely misses you.
You hit the worker ant.
The worker ant is heavily wounded.
You feel sick. The worker ant bites you.
* * * LOW HITPOINT WARNING * * *
You hit the worker ant but do no damage.
The worker ant is heavily wounded.
The worker ant closely misses you.
You hit the worker ant but do no damage.
The worker ant is heavily wounded.
You die...

###.### # ...... ..#####
. . ... .......
#.###.#.# #....
#.....#.##############)#
#......................)
#....##.###########.....
........# #..#.#
###..##@# #..#.) ##
#.a.# ##..#.. .....#
#...... ##....#
####...... ......
..#...... ......##
#)#...... .(.....#
#.#...... #.......#
#.#..#..# #.#.....#


You could see a worker ant.

Vanquished Creatures
  An ooze (D:1)
  A worm (D:1)
  A dart slug (D:1)
  A leopard gecko (D:1)
  2 bats (D:1)
  4 hobgoblins
  3 frilled lizards (D:1)
  6 goblins
  5 kobolds
  2 rats (D:1)
26 creatures vanquished.

Notes
Turn   | Place    | Note
-------+----------+-------------------------------------------
     0 | D:1      | Freyura the Spriggan Rogue began the quest for the Orb.
     0 | D:1      | Reached XP level 1. HP: 10/10 MP: 3/3
   275 | D:1      | Reached XP level 2. HP: 15/15 MP: 5/5
   378 | D:1      | Reached skill level 1 in Dodging
   687 | D:1      | Reached skill level 7 in Stealth
   939 | D:2      | Reached XP level 3. HP: 17/18 MP: 6/6
   944 | D:2      | Found a shattered altar of Ashenzari.
  1196 | D:2      | Succumbed to a worker ant's poison

Skill      XL: |  1  2 |
---------------+-------+-----
Dodging        | 1 |  1.3
Evocations     | 3 |  3.1
Stealth        | 7 |  7.1
Fighting       | |  1.9
Short Blades   | |  2.9

Action                   || total
-------------------------++-------
Melee: Dagger            ||    94
Evoke: Wand              ||     4
  Use: Scroll            ||     6
 Stab: Sleeping          ||     9
Armor: Robe              ||     9
Dodge: Dodged            ||    69
